General information
- name: BNet
- type: Ladder 1vs1/FFA
- host: Battle.net
- saver: 7.30
map: LostTemple
- players: 2
- length: 57:04
- speed: Fast
- version: 1.24 W3XP
- replay type: Public
» download(168 KB)
Players
team 1 (winner)
7.30 (
blue | 61 APM | 3502 actions | 57:04)
5 Archmage
2 Blizzard
3 Brilliance Aura
4 Blood Mage
2 Flame Strike
2 Siphon Mana
5 Paladin
3 Holy Light
2 Divine Shield
» actions
| Assign group hotkey | 95 | |
| Basic commands | 114 | |
| Build / train | 186 | |
| ESC pressed | 3 | |
| Enter build submenu | 100 | |
| Enter hero's abilities submenu | 13 | |
| Give item / drop item | 9 | |
| Right click | 1338 | |
| Select / deselect | 625 | |
| Select group hotkey | 639 | |
| Use ability | 380 | |
3502 total
» units
| Peasant | 27 | |
| Sorceress | 1 | |
| Gryphon Rider | 3 | |
| Goblin Shredder | 5 | |
| Goblin Zeppelin | 5 | |
| Dragonhawk Rider | 9 | |
| Flying Machine | 7 | |
57 total
» upgrades
| Masonry | 3 | |
| Lumber Harvesting | 2 | |
| Sorceress Training | 3 | |
| Magic Sentry | 1 | |
| Swords | 3 | |
| Armor | 3 | |
| Storm Hammers | 1 | |
| Cloud | 1 | |
| Fragmentation Shards | 1 | |
| Flare | 1 | |
| Priest Training | 1 | |
| Animal War Training | 1 | |
| Plating | 3 | |
| Gunpowder | 2 | |
| Flak Cannons | 1 | |
| Flying Machine Bombs | 1 | |
28 total
» buildings
| Altar of Kings | 2 | |
| Farm | 22 | |
| Arcane Vault | 2 | |
| Lumber Mill | 1 | |
| Scout Tower | 114 | |
| Arcane Tower | 7 | |
| Guard Tower | 39 | |
| Town Hall | 5 | |
| Keep | 2 | |
| Blacksmith | 1 | |
| Castle | 5 | |
| Arcane Sanctum | 1 | |
| Gryphon Aviary | 5 | |
| Workshop | 2 | |
| Barracks | 1 | |
209 total
» build order
00:05 Altar of Kings
00:17 Farm
00:34 Farm
00:54 Arcane Vault
01:26 Farm
01:49 Lumber Mill
01:52 Farm
02:01 Scout Tower
02:09 Scout Tower
02:43 Scout Tower
02:47 Arcane Tower
02:48 Arcane Tower
03:13 Scout Tower
03:49 Scout Tower
03:50 Guard Tower
04:15 Town Hall
05:25 Guard Tower
05:37 Scout Tower
05:38 Scout Tower
05:42 Keep
06:10 Scout Tower
06:10 Scout Tower
06:12 Scout Tower
06:14 Scout Tower
06:14 Scout Tower
06:15 Scout Tower
06:16 Scout Tower
06:17 Arcane Tower
06:21 Scout Tower
06:49 Guard Tower
06:51 Guard Tower
06:54 Scout Tower
06:55 Scout Tower
06:56 Scout Tower
06:56 Scout Tower
07:26 Guard Tower
07:33 Blacksmith
07:37 Guard Tower
08:10 Castle
08:10 Castle
08:11 Castle
08:39 Guard Tower
08:40 Guard Tower
08:40 Guard Tower
08:43 Guard Tower
08:43 Guard Tower
08:43 Guard Tower
08:55 Scout Tower
09:00 Scout Tower
09:03 Scout Tower
09:04 Scout Tower
09:06 Scout Tower
09:11 Scout Tower
09:12 Scout Tower
09:18 Farm
09:22 Arcane Sanctum
09:25 Gryphon Aviary
09:29 Gryphon Aviary
09:30 Arcane Tower
09:34 Arcane Tower
11:35 Scout Tower
11:36 Scout Tower
11:38 Scout Tower
11:39 Scout Tower
11:41 Scout Tower
11:42 Scout Tower
11:53 Guard Tower
11:56 Guard Tower
13:24 Scout Tower
13:25 Scout Tower
13:26 Scout Tower
13:27 Scout Tower
13:28 Scout Tower
13:28 Scout Tower
13:30 Scout Tower
13:31 Scout Tower
13:33 Scout Tower
13:34 Scout Tower
13:35 Scout Tower
13:39 Town Hall
13:46 Guard Tower
13:48 Workshop
14:15 Guard Tower
14:22 Guard Tower
14:23 Arcane Tower
14:25 Arcane Tower
14:28 Guard Tower
16:55 Farm
16:58 Farm
16:58 Farm
17:20 Farm
17:21 Farm
17:22 Farm
17:22 Farm
18:04 Gryphon Aviary
18:14 Farm
18:45 Barracks
20:36 Farm
22:44 Scout Tower
22:45 Scout Tower
22:46 Scout Tower
22:47 Scout Tower
22:47 Scout Tower
22:48 Scout Tower
22:49 Scout Tower
22:50 Scout Tower
22:51 Scout Tower
22:51 Scout Tower
22:53 Scout Tower
22:54 Scout Tower
22:54 Scout Tower
22:58 Town Hall
23:38 Scout Tower
23:44 Scout Tower
23:45 Scout Tower
23:46 Scout Tower
23:47 Scout Tower
23:48 Scout Tower
23:49 Scout Tower
23:51 Scout Tower
23:51 Scout Tower
23:53 Scout Tower
23:54 Scout Tower
23:55 Scout Tower
23:58 Scout Tower
24:17 Guard Tower
24:22 Guard Tower
25:44 Guard Tower
26:09 Guard Tower
27:39 Scout Tower
27:40 Scout Tower
27:41 Scout Tower
27:42 Scout Tower
27:43 Scout Tower
27:44 Scout Tower
27:44 Scout Tower
27:45 Scout Tower
27:46 Scout Tower
27:47 Scout Tower
27:49 Town Hall
28:47 Guard Tower
29:00 Scout Tower
29:00 Scout Tower
29:01 Scout Tower
29:02 Scout Tower
29:04 Scout Tower
29:05 Scout Tower
29:07 Scout Tower
29:08 Scout Tower
29:09 Scout Tower
29:09 Scout Tower
29:56 Guard Tower
30:01 Guard Tower
30:02 Guard Tower
30:15 Scout Tower
30:15 Scout Tower
30:17 Scout Tower
31:04 Guard Tower
31:13 Town Hall
32:07 Guard Tower
32:55 Scout Tower
32:56 Scout Tower
32:56 Scout Tower
32:57 Scout Tower
34:27 Guard Tower
34:29 Scout Tower
34:29 Scout Tower
34:30 Scout Tower
34:31 Scout Tower
36:47 Guard Tower
36:47 Guard Tower
36:47 Guard Tower
36:50 Keep
36:53 Altar of Kings
37:00 Arcane Vault
37:05 Gryphon Aviary
37:07 Gryphon Aviary
38:44 Scout Tower
38:45 Scout Tower
38:46 Farm
38:51 Farm
38:53 Farm
40:39 Scout Tower
43:14 Guard Tower
43:18 Scout Tower
43:19 Scout Tower
43:20 Scout Tower
43:24 Scout Tower
43:25 Scout Tower
43:25 Scout Tower
43:49 Farm
43:52 Farm
44:01 Guard Tower
44:03 Guard Tower
48:23 Workshop
48:27 Scout Tower
48:28 Scout Tower
48:35 Guard Tower
48:36 Guard Tower
49:18 Castle
49:19 Guard Tower
49:22 Scout Tower
49:27 Scout Tower
49:28 Scout Tower
49:49 Farm
50:51 Guard Tower
54:27 Farm
56:07 Farm
» items
| Mechanical Critter | 3 | |
| Lesser Clarity Potion | 3 | |
| Scroll of Regeneration | 6 | |
| Boots of Speed | 2 | |
| Periapt of Vitality | 3 | |
| Staff of Teleportation | 2 | |
| Scroll of Town Portal | 3 | |
| Potion of Lesser Invulnerability | 1 | |
| Staff of Sanctuary | 2 | |
| Orb of Fire | 1 | |
| Potion of Healing | 1 | |
27 total
team 2 (loser)
PooFace1 (
red | 41 APM | 2300 actions | 56:07)
5 Warden
2 Shadow Strike
3 Blink
3 Keeper of the Grove
2 Entangling Roots
1 Force of Nature
1 Priestess of the Moon
1 Trueshot Aura
» actions
| Assign group hotkey | 10 | |
| Basic commands | 23 | |
| Build / train | 111 | |
| Enter build submenu | 26 | |
| Enter hero's abilities submenu | 9 | |
| Give item / drop item | 7 | |
| Remove unit from queue | 5 | |
| Right click | 1201 | |
| Select / deselect | 776 | |
| Select group hotkey | 21 | |
| Use ability | 110 | |
2300 total
» units
| Wisp | 18 | |
| Archer | 13 | |
| Huntress | 9 | |
| Dryad | 11 | |
| Druid of the Claw | 2 | |
| Hippogryph | 2 | |
| Goblin Zeppelin | 3 | |
| Druid of the Talon | 9 | |
67 total
» upgrades
| Strength of the Moon | 2 | |
| Abolish Magic | 1 | |
| Sentinel | 1 | |
| Strength of the Wild | 2 | |
| Druid of the Claw Training | 2 | |
| Druid of the Talon Training | 2 | |
| Reinforced Hides | 2 | |
| Well Spring | 1 | |
| Upgrade Moon Glaive | 1 | |
| Moon Armor | 1 | |
| Mark of the Claw | 1 | |
| Hippogryph Taming | 1 | |
| Improved Bows | 1 | |
| Marksmanship | 1 | |
| Mark of the Talon | 1 | |
| Nature's Blessing | 1 | |
21 total
» buildings
| Altar of Elders | 1 | |
| Moon Well | 12 | |
| Ancient of War | 1 | |
| Tree of Ages | 1 | |
| Hunter's Hall | 1 | |
| Ancient of Lore | 1 | |
| Ancient Protector | 6 | |
| Ancient of Wonders | 1 | |
| Ancient of Wind | 1 | |
| Tree of Eternity | 1 | |
| Tree of Life | 1 | |
27 total
» build order
00:12 Altar of Elders
00:18 Moon Well
00:37 Ancient of War
01:29 Moon Well
02:24 Moon Well
03:30 Tree of Ages
04:08 Hunter's Hall
05:05 Moon Well
06:01 Ancient of Lore
07:11 Moon Well
08:29 Ancient Protector
08:52 Ancient of Wonders
09:37 Moon Well
11:22 Ancient of Wind
12:59 Tree of Eternity
14:11 Moon Well
14:43 Moon Well
16:04 Ancient Protector
20:09 Tree of Life
20:12 Ancient Protector
20:15 Ancient Protector
20:18 Ancient Protector
22:11 Moon Well
29:59 Moon Well
47:46 Moon Well
48:33 Moon Well
51:12 Ancient Protector
» items
| Potion of Lesser Invulnerability | 1 | |
| Orb of Venom | 1 | |
| Potion of Healing | 1 | |
| Staff of Teleportation | 1 | |
4 total
Chat log
(30:12 / All) PooFace1: i dont understand how u vcan port into my base
(30:19 / All) 7.30: who said i ported
(30:48 / All) 7.30: you might as well just leave :)
(30:56 / All) PooFace1: u might as well suck my cock
(30:58 / All) 7.30: LOL
(31:15 / All) PooFace1: all that dumb ass air
(31:19 / All) 7.30: all i mean is that you WILL be leaving
(31:27 / All) PooFace1: ok well finish me off than
(31:34 / All) 7.30: i thought i was being nice
(31:43 / All) 7.30: giving you free gold mines
(31:51 / All) PooFace1: u aint giving me shit
(31:55 / All) 7.30: sure i did
(32:03 / All) 7.30: left those gold mines alone so you could expand
(32:13 / All) PooFace1: sure
(33:06 / All) 7.30: hi
(33:12 / All) 7.30: nice zep
(33:23 / All) 7.30: pro harass
(33:30 / All) 7.30: just let me mine in peace
(33:38 / All) 7.30: Your guy died again.
(33:44 / All) 7.30: leave?
(33:58 / All) PooFace1: suck my dick you faggot computer nerd with a small spic penis
(34:05 / All) 7.30: ooh mad
(34:13 / All) 7.30: but you wont get madder if you leave now
(34:36 / All) 7.30: Just trying to help ya out
(34:44 / All) PooFace1: help my dick out
(34:52 / All) PooFace1: like i care if yu beat me at this
(34:55 / All) 7.30: why so angry :(
(35:01 / All) 7.30: right you dont care
(35:06 / All) 7.30: thats why youll leave
(35:10 / All) PooFace1: it doesnt matter at all in my life
(35:16 / All) 7.30: i know
(35:22 / All) PooFace1: u cant beat me straight up cause u waste money on towers
(35:27 / All) PooFace1: all u have are bases
(35:33 / All) 7.30: and if you did care, you certainly wouldnt stay in a game you cant win
(36:29 / All) 7.30: Why not just scout and save your heroes?
(37:24 / All) 7.30: you want to make chimeras
(37:26 / All) 7.30: lots of them
(37:35 / All) PooFace1: no i dont
(37:39 / All) 7.30: yes you do
(37:46 / All) PooFace1: why they suck
(37:55 / All) 7.30: Only in the hands of a bad player.
(39:37 / All) 7.30: oh noes
(39:57 / All) 7.30: and if only you controlled right
(40:04 / All) 7.30: yo coulda killed ALL those hawks
(40:09 / All) PooFace1: how else would i make them go faster
(40:11 / All) PooFace1: ur a fag
(40:19 / All) PooFace1: not a chance
(40:21 / All) PooFace1: to many
(40:22 / All) 7.30: um no, you're wrnog
(40:30 / All) 7.30: you had to make each one target a dragonhawk for the slow
(40:34 / All) 7.30: but that would require skill.
(40:47 / All) PooFace1: hahahaha at video games
(40:49 / All) PooFace1: fag
(40:52 / All) 7.30: news flash
(40:54 / All) PooFace1: typical new age cunt
(40:59 / All) 7.30: You are playing a video game.
(41:10 / All) PooFace1: a skill is laying brick, fixing an engine, playing tennis
(41:13 / All) PooFace1: u sit like a gook
(41:21 / All) 7.30: So you're a car mechanic in real life?
(41:23 / All) 7.30: Or a mason?
(41:28 / All) 7.30: Or a professional tennis player?
(41:33 / All) PooFace1: all 3
(41:45 / All) 7.30: None of which required a college education I noticed.
(41:46 / All) PooFace1: how would u make them all hit one each
(41:48 / All) PooFace1: no way
(41:52 / All) PooFace1: but u cant beat me
(41:59 / All) PooFace1: ur
(42:01 / All) 7.30: who said i wanted to?
(42:52 / All) 7.30: COMIN THRU
(43:07 / All) 7.30: Making a tennis court
(43:35 / All) 7.30: thats a hilarious amount of talons
(43:42 / All) 7.30: high upkeep?
(43:52 / All) PooFace1: not at all
(43:55 / All) PooFace1: they take 2
(44:05 / All) 7.30: thats true
(44:12 / All) PooFace1: and i dont understand how u r doing that with ur heros
(44:14 / All) 7.30: but your lumber economy must suck then
(44:21 / All) PooFace1: my lumber is over 2000
(44:28 / All) 7.30: well, understanding is what separates people from like you from people like me
(44:31 / All) 7.30: btw mines over 13000
(44:32 / All) 7.30: :D
(44:48 / All) 7.30: told you, just leave
(44:49 / All) PooFace1: u dont need all that
(44:53 / All) 7.30: oh i need it.
(45:02 / All) 7.30: i get wood from cutting wood
(45:17 / All) 7.30: did i also mention i'm an accomplished painter?
(45:22 / All) PooFace1: who cares
(45:28 / All) PooFace1: ur into faggot shit
(45:29 / All) 7.30: you do
(45:41 / All) 7.30: and you're into...
(45:47 / All) PooFace1: im a purple belt in brazilian jiu jitsu and wrestled sine ive been 13
(45:49 / All) 7.30: lol
(45:57 / All) PooFace1: ill toss u around a room and stretch u
(45:59 / All) 7.30: I N T E R N E T T O U G H G U Y
(46:02 / All) 7.30: LD
(46:13 / All) PooFace1: ya because an internet tough guy is a purple belt
(46:16 / All) PooFace1: lol ur a pussy
(46:24 / All) PooFace1: i would stretch u out so badly kid
(46:29 / All) 7.30: they didnt offer rainbow belt to you?
(46:36 / All) PooFace1: hahaha good one
(47:38 / All) PooFace1: ur a fag with the port
(47:47 / All) 7.30: yoink
(47:54 / All) 7.30: who said i ported?
(47:59 / All) PooFace1: u did all that to destroy 3 wells lol
(48:44 / All) PooFace1: ur heros would get crushed against mine
(48:53 / All) PooFace1: 3 heors with port
(48:54 / All) PooFace1: lol
(48:55 / All) 7.30: lol
(48:56 / All) PooFace1: ur gay
(49:01 / All) 7.30: <3
(49:45 / All) PooFace1: one thing howd u take my owels away
(49:52 / All) 7.30: owels?
(49:58 / All) PooFace1: my sentry owels
(50:05 / All) PooFace1: owls
(50:05 / All) 7.30: you spelled it wrong twice
(50:08 / All) 7.30: there ya go
(50:09 / All) PooFace1: i know
(52:39 / All) PooFace1: hahahahaha
(52:41 / All) PooFace1: ur gay
(52:46 / All) PooFace1: get a life fag painter
(52:50 / All) PooFace1: im going to eat
(52:54 / All) 7.30: actually i was lying about that one ;)
(52:56 / All) PooFace1: lmaooooo
(53:08 / All) PooFace1: hahah ur gay anyways and prob a chink with a small penis
(53:11 / All) 7.30: you might as well leave
(53:18 / All) 7.30: youll never beat this chink with a small penis
(53:25 / All) PooFace1: who cares'
(53:31 / All) PooFace1: im american with a nice dick
(53:32 / All) 7.30: my point exactly
(53:35 / All) PooFace1: and im american
(53:35 / All) 7.30: who cares so leave?
(53:40 / All) PooFace1: and ur asian
(53:43 / All) PooFace1: and inferior
(53:54 / All) 7.30: ¿què?
(53:58 / All) PooFace1: go buld some cheap products
(56:00 / All) 7.30: not eating?
(56:03 / All) PooFace1: ur boring